 Dungeon Sprint DCSS version 0.29-a0-8-g0446c0dae4 (webtiles) character file.

Game seed: 4825288485065994854

105 cyrus the Skirmisher (level 4, -2/41 HPs)
             Began as a Palentonga Fighter on Jan 27, 2022.
             Slain by a human (4 damage)
             ... in the Dungeon (Sprint III: "The Ten Rune Challenge").
             The game lasted 00:02:33 (1014 turns).

cyrus the Skirmisher (Palentonga Fighter)           Turns: 1014, Time: 00:02:34

Health: -2/41      AC:  7    Str: 21    XL:     4   Next: 53%
Magic:  4/4        EV:  7    Int:  9    God:
Gold:   0          SH:  0    Dex:  9    Spells: 3/3 levels left

rFire   . . .      SeeInvis +   d - +4 quarterstaff (chaos)
rCold   . . .      Faith    .   (shield currently unavailable)
rNeg    . . .      Spirit   .   b - +0 scale mail
rPois   .          Reflect  .   (no helmet)
rElec   .          Harm     .   (no cloak)
rCorr   .          Rampage  .   (no gloves)
Will    .....      NoTele   +   (no barding)
Stlth   ..........              (no amulet)
HPRegen 0.13/turn               (no ring)
MPRegen 0.09/turn               (no ring)

@: no status effects
A: large, rugged brown scales 3, see invisible, deformed body, roll 1, armoured
tail
a: Rolling Charge


You were in the Dungeon.
You visited 1 branch

Inventory:

Hand Weapons
 a - a +0 trident
 d - a +4 quarterstaff of chaos (weapon)
Armour
 b - a +0 scale mail (worn)
 c - a +0 buckler
Scrolls
 j - a scroll of blinking
Potions
 h - 2 potions of magic
 i - a potion of berserk rage


   Skills:
 + Level 5.6 Fighting
 + Level 3.9 Polearms
 + Level 0.3(2.6) Staves
 + Level 4.8 Armour
 + Level 0.5 Dodging
 + Level 4.1 Shields


You had 3 spell levels left.
You didn't know any spells.
Your spell library was empty.

Dungeon Overview and Level Annotations

Branches:
Dungeon (1/1)

Altars:
Okawaru
Trog
Uskayaw
Wu Jian
Beogh


Innate Abilities, Weirdness & Mutations

You are completely covered in rugged brown scales. (AC +3, +7% HP)
You have supernaturally acute eyesight. (SInv)
Armour fits poorly on your strangely shaped body.
You can roll at nearby foes to attack.
You have a long armoured tail.


Message History

You have reached level 4!
You feel clever.
You start resting.
HP restored.
Unknown command.
You start waiting.
Done waiting.
You open the door.
A human comes into view.
The human shouts!
You hear a shout!
Found a scale mail.
Found five altars.
A human comes into view. It is wielding a +0 short sword.
The human drinks a potion.
The human goes berserk!
The human drinks a potion.
The human seems to grow stronger.
You sock the human! You freeze the human.
The human is moderately wounded.
The human hits you.
You hit the human.
The human is moderately wounded.
The human hits you but does no damage.
You sock the human!
The human is heavily wounded.
The human hits you.
Unknown command.
Unknown command.
You closely miss the human.
The human is heavily wounded.
The human rages.
The human hits you.
You barely miss the human.
Your tail-slap misses the human.
The human is heavily wounded.
The human barely misses you. The human hits you!
The human rages.
The human hits you.
The human hits you with a +0 short sword!
* * * LOW HITPOINT WARNING * * *
The human hits you with a +0 short sword.
* * * LOW HITPOINT WARNING * * *
The human hits you.
You die...

▓▓▓▓ ▓▓▓ ...♣♣ ♣.#
##### ....♣ ♣♣.# #___
...♣♣ ♣..# #__
...≈♣♣♣♣♣.###+#'###+##
..≈≈♣.....#....pp....#
.≈≈≈≈..♣..'.⌠...@....#
.≈≈≈≈≈≈...#...######+#
≈≈≈≈≈≈....#.⌠.#
≈≈≈≈≈.....#...#
≈≈≈.......#+###
..........#
..........#
▓▓▓▓▓▓▓▓▓▓▓


You could see 2 humans.

Vanquished Creatures
  A water elemental (D)
  Crazy Yiuf (D)
  A human (D)
  4 rats (D)
7 creatures vanquished.

Vanquished Creatures (others)
  3 plants (D)
3 creatures vanquished.

Grand Total: 10 creatures vanquished

Notes
Turn   | Place    | Note
-------+----------+-------------------------------------------
     0 | D        | cyrus the Palentonga Fighter began the quest for the Orb.
     0 | D        | Reached XP level 1. HP: 19/19 MP: 1/1
   198 | D        | Reached skill level 4 in Fighting
   198 | D        | Reached XP level 2. HP: 21/26 MP: 2/2
   273 | D        | Noticed Crazy Yiuf
   278 | D        | Killed Crazy Yiuf
   279 | D        | Reached XP level 3. HP: 16/33 MP: 1/3
   666 | D        | Noticed a water elemental
   671 | D        | Killed a water elemental
   672 | D        | Reached skill level 5 in Fighting
   672 | D        | Reached XP level 4. HP: 12/41 MP: 4/4
  1005 | D        | Found a hide-covered altar of Uskayaw.
  1005 | D        | Found an iron altar of Okawaru.
  1005 | D        | Found a bloodstained altar of Trog.
  1005 | D        | Found an ornate altar of the Wu Jian Council.
  1005 | D        | Noticed a human
  1006 | D        | Noticed a human
  1014 | D        | HP: 2/41 [human (3)]
  1014 | D        | Slain by a human

Illustrated notes

Levels and vault maps discovered:
D:        dungeon_sprint_mu [sprint_mu_entry_forest, sprint_mu_temple_rooms,
          sprint_mu_d1_horrors, sprint_mu_d2_genie, sprint_mu_d3_branching,
          sprint_mu_orc_legion, sprint_mu_elf_gauntlet, sprint_mu_hive_nellie,
          sprint_mu_lair_fedhas, sprint_mu_vaults_butterflies,
          sprint_mu_slime_circle, sprint_mu_swamp_cave, sprint_mu_shoals_kraken,
          sprint_mu_blade_basic, sprint_mu_crypt_chambers,
          sprint_mu_tomb_spiral, sprint_mu_vestibule_basic,
          sprint_mu_gehenna_hellfire, sprint_mu_dis_giant,
          sprint_mu_tartarus_statrot, sprint_mu_cocytus_islands, sprint_mu_zot1]

Skill      XL: |  1  2  3 |
---------------+----------+-----
Fighting       | 4 5 |  5.6
Polearms       | 2 3 |  3.9
Armour         | 3 4 |  4.8
Shields        | 3 4 |  4.1
Staves         | |  0.3
Dodging        | |  0.5

Action                   |  1- 3 |  4- 6 || total
-------------------------+-------+-------++-------
Melee: Trident           |    18 |       ||    18
       Tailslap          |     1 |       ||     1
       Quarterstaff      |     4 |     5 ||     9
  Use: Potion            |     5 |       ||     5
Armor: Scale mail        |     5 |     1 ||     6
Dodge: Dodged            |     8 |     1 ||     9
Block: Buckler           |     2 |       ||     2

Table legend: (Time is in decaauts)
 A = Elapsed time spent in this place.
 B = Non-inter-level travel time spent in this place.
 C = Inter-level travel time spent in this place.
 D = Time resting spent in this place.
 E = Time spent auto-exploring this place.
 F = Levels seen in this place.
 G = Mean time per level.
                   A        B        C        D        E       F      G
               +--------+--------+--------+--------+--------+-----+--------+
         Total |   1001 |   1001 |      0 |    856 |      2 |   1 | 1001.0 |
       Dungeon |   1001 |   1001 |      0 |    856 |      2 |   1 | 1001.0 |
               +--------+--------+--------+--------+--------+-----+--------+

Top non-repeatable levels by time:
       D: 1001 daAuts
